 Dungeon Crawl Stone Soup version 0.30-a0-702-gdf48620a09 (webtiles) character file.

Game seed: 4479775018306638558

3600 CoinPitGoblin the Skirmisher (level 9, -1/96 HPs)
             Began as a Demonspawn Hunter on Jan 21, 2023.
             Was a Priest of Uskayaw.
             Slain by a yak (9 damage)
             ... on level 7 of the Dungeon.
             The game lasted 00:14:55 (6700 turns).

CoinPitGoblin the Skirmisher (Demonspawn Hunter)    Turns: 6700, Time: 00:14:56

Health: -1/96      AC: 24    Str: 19    XL:     9   Next: 85%
Magic:  8/9        EV:  2    Int: 10    God:    Uskayaw [***...]
Gold:   314        SH:  0    Dex: 20    Spells: 8/8 levels left

rFire   . . .      SeeInvis +    b - +5 club (spect)
rCold   . . .      Faith    .    (no shield)
rNeg    . . .      Spirit   .    (body armour currently unavailable)
rPois   +          Reflect  .    (helmet currently unavailable)
rElec   .          Harm     .    (cloak currently unavailable)
rCorr   .          Rampage  .    (gloves currently unavailable)
Will    .....      NoTele   +    (boots currently unavailable)
Stlth   ++                       (no amulet)
HPRegen 0.36/turn                q - +6 ring of strength
MPRegen 0.11/turn                z - ring of see invisible

@: tree-form, studying Unarmed Combat
A: stationary, stasis, torment immunity, boosted hp, (horns 2), powered by death
1, (sanguine armour 2), frail 1, evolution 1, (cold vulnerability 1)
a: Renounce Religion, Stomp, Line Pass


You were on level 7 of the Dungeon.
You worshipped Uskayaw.
Uskayaw was noncommittal.
You were a tree.
You visited 2 branches of the dungeon, and saw 8 of its levels.

You collected 314 gold pieces.

Inventory:

Hand Weapons
 a - a +1 shortbow
 b - a +5 spectral club (weapon)
 n - a +0 falchion of electrocution
 r - a +0 long sword
 B - a +3 whip
Missiles
 l - a throwing net
Armour
 c - a +0 leather armour
 d - a +0 cloak (melded)
 e - a +2 pair of gloves (melded)
 G - +0 steam dragon scales (melded)
Jewellery
 q - a +6 ring of strength (left branch)
 t - a ring of ice
 z - a ring of see invisible (right branch)
Wands
 m - a wand of digging (7)
 w - a wand of flame (8)
 E - a wand of iceblast (9)
Scrolls
 f - 2 scrolls of enchant armour
 i - 3 scrolls of teleportation
 p - 5 scrolls of immolation
 s - a scroll of brand weapon {unknown}
 y - a scroll of enchant weapon
 A - a scroll of noise {unknown}
 C - 2 scrolls of identify
 F - 4 scrolls of fear
 H - 2 scrolls of blinking
Potions
 g - 3 potions of haste
 h - a potion of experience {unknown}
 j - a potion of lignification
 k - a potion of berserk rage {unknown}
 o - a potion of brilliance {unknown}
 D - a potion of heal wounds {unknown}


   Skills:
 + Level 7.2 Fighting
 + Level 11.0 Ranged Weapons
 + Level 5.0 Dodging
 - Level 0.8 Stealth


You had 8 spell levels left.
You didn't know any spells.
Your spell library contained the following spells:

 Spells                   Type           Power      Damage    Failure   Level
 Magic Dart               Conj           0%         1d3       36%         1
 Slow                     Hex            0%         N/A       36%         1
 Call Imp                 Summ           0%         N/A       50%         2
 Cigotuvi's Dreadful Rot  Necr/Pois/Air  0%         N/A       50%         2
 Poisonous Vapours        Pois/Air       0%         N/A       50%         2
 Confusing Touch          Hex            0%         N/A       75%         3
 Gell's Gravitas          Tloc           0%         N/A       75%         3
 Mephitic Cloud           Conj/Pois/Air  0%         N/A       75%         3
 Teleport Other           Tloc           0%         N/A       75%         3
 Vampiric Draining        Necr           0%         2d6       75%         3
 Dispersal                Tloc           0%         N/A       100%        6


Dungeon Overview and Level Annotations

Branches:
Dungeon (7/15)             Temple (1/1) D:5

Altars:
Ashenzari
Cheibriados
Fedhas
Gozag
Hepliaklqana
Kikubaaqudgha
Makhleb
Ru
Sif Muna
Trog
Uskayaw
Wu Jian
Xom
Yredelemnul

Annotations:
D:7 Duvessa


Innate Abilities, Weirdness & Mutations

You are a tree.
Your roots penetrate the ground, keeping you stationary.
You cannot be teleported.
You are immune to unholy pain and torment.
Your maximum health is greatly increased.
Your equipment is partially melded.
((You have a pair of horns on your head.))
You regenerate a little health from kills.
((When seriously injured, your blood forms thick armour. (AC +0)))
You are frail. (-10% HP)
You have hidden genetic potential.
((You are vulnerable to cold. (rC-)))


Message History

Your +0 cloak melds into your body.
Your +2 pair of gloves melds into your body.
Your +0 steam dragon scales melds into your body.
Your roots penetrate the ground.
Your blood armour dries and flakes away.
The yak gores you but does no damage.
The orc wizard hits you but does no damage.
You feel better.
Duvessa throws a stone.
The stone barely misses the orc wizard.
The stone hits you but does no damage.
The orc wizard hits you with a +0 dagger.
* * * LOW HITPOINT WARNING * * *
The yak gores you but does no damage. Dowan hits you but does no damage.
You hit Dowan.
Dowan is almost dead.
The yak gores you but does no damage.
The orc wizard hits you but does no damage.
Dowan hits you but does no damage.
Duvessa throws a stone.
The stone misses the orc wizard.
The stone hits you.
* * * LOW HITPOINT WARNING * * *
You hit Dowan.
You kill Dowan!
Duvessa weeps, and shakes her weapon.
Duvessa goes berserk!
The orc wizard hits you but does no damage.
The yak gores you!
* * * LOW HITPOINT WARNING * * *
Uskayaw will force your foes to helplessly watch your dance.
Your Dodging skill increases to level 5!
It was a potion of flight.
Your roots keep you in place.
Duvessa rages.
The orc wizard hits you but does no damage.
The yak gores you but does no damage. The orc hits you but does no damage.
It was a potion of mutation.
You feel extremely strange.
You feel a hidden potential growing inside you.
You feel frail.
You feel vulnerable to cold. The horns on your head grow some more.
Duvessa is no longer moving quickly.
The orc wizard hits you but does no damage.
The yak gores you!
You die...

#.#..............#######.
#.....###.......Y........
##.#..##
##......oo.>..oo. ...#..#
#......#Y####### ####..#
#.#...##.# #.#. . ###.
#Y# ..... ..####. #.#
.............Y##Y# ..
..#.....o♣oe# ###########
#


You could see 2 yaks, Duvessa (berserk), an orc wizard (invisible) and an orc.

Vanquished Creatures
  The ghost of vilexx the Fighter, a novice MiFi (D:6)
  A gargoyle (D:7)
  Prince Ribbit (D:6)
  3 yaks (D:7)
  A steam dragon (D:7)
  An orc warrior (D:5)
  A water moccasin (D:7)
  A black bear (D:5)
  An ice beast (D:6)
  A sky beast (D:6)
  An ogre (D:6)
  A centaur (D:7)
  A kobold brigand (D:6)
  4 bullfrogs (D:6)
  2 necrophages
  2 scorpions
  Dowan (D:7)
  5 hounds
  A jelly (D:6)
  2 orc priests
  6 iguanas
  Jessica (D:3)
  Ijyb (D:4)
  5 orc wizards
  3 gnolls (D:4)
  6 adders
  A white imp (D:7)
  An ufetubus (D:4)
  3 worms
  2 dart slugs
  26 orcs
  9 endoplasms
  6 giant cockroaches
  9 goblins
  5 hobgoblins
  2 jackals (D:1)
  6 quokkas
  6 ball pythons
  5 bats
  A frilled lizard (D:2)
  7 kobolds
  4 rats
147 creatures vanquished.

Notes
Turn   | Place    | Note
-------+----------+-------------------------------------------
     0 | D:1      | CoinPitGoblin the Demonspawn Hunter began the quest for the
                  | Orb.
     0 | D:1      | Reached XP level 1. HP: 16/16 MP: 1/1
   173 | D:1      | Reached skill level 4 in Ranged Weapons
   173 | D:1      | Gained mutation: When seriously injured, your blood forms
                  | armour. (AC +0) [demonic ancestry]
   173 | D:1      | Reached XP level 2. HP: 20/22 MP: 2/2
   503 | D:1      | Found a faded altar of an unknown god.
   773 | D:2      | Reached XP level 3. HP: 28/28 MP: 3/3
  1577 | D:3      | Noticed Jessica
  1583 | D:3      | Killed Jessica
  1584 | D:3      | Reached skill level 5 in Ranged Weapons
  1584 | D:3      | Gained mutation: When seriously injured, your blood forms
                  | thick armour. (AC +0) [demonic ancestry]
  1584 | D:3      | Reached XP level 4. HP: 34/34 MP: 4/4
  1752 | D:3      | Gained mutation: You have a pair of small horns on your
                  | head. [demonic ancestry]
  1752 | D:3      | Reached XP level 5. HP: 39/39 MP: 5/5
  1810 | D:3      | Found a broken altar of Ashenzari.
  2300 | D:4      | Noticed Ijyb
  2308 | D:4      | Killed Ijyb
  2564 | D:4      | Reached skill level 6 in Ranged Weapons
  2564 | D:4      | Reached XP level 6. HP: 43/47 MP: 6/6
  3021 | D:5      | Entered Level 5 of the Dungeon
  3407 | D:5      | Noticed an orc warrior
  3419 | D:5      | Killed an orc warrior
  3420 | D:5      | Reached XP level 7. HP: 28/54 MP: 7/7
  3527 | D:5      | Reached skill level 7 in Ranged Weapons
  3852 | D:5      | Found a staircase to the Ecumenical Temple.
  3867 | Temple   | Entered the Ecumenical Temple
  4072 | Temple   | Became a worshipper of Uskayaw the Reveller
  4193 | D:5      | Reached * piety under Uskayaw
  4196 | D:5      | Reached ** piety under Uskayaw
  4580 | D:6      | Found a runed translucent door.
  4676 | D:6      | Reached *** piety under Uskayaw
  4683 | D:6      | Reached **** piety under Uskayaw
  4809 | D:6      | Reached XP level 8. HP: 61/61 MP: 8/8
  4862 | D:6      | Found a sacrificial altar of Ru.
  4919 | D:6      | Reached skill level 8 in Ranged Weapons
  4966 | D:6      | Found a snail-covered altar of Cheibriados.
  5080 | D:6      | Reached skill level 5 in Fighting
  5335 | D:6      | Noticed vilexx's ghost (novice MiFi)
  5407 | D:6      | Noticed Prince Ribbit
  5420 | D:6      | Killed Prince Ribbit
  5421 | D:6      | Reached skill level 9 in Ranged Weapons
  5884 | D:6      | Killed vilexx's ghost
  5885 | D:6      | Reached skill level 10 in Ranged Weapons
  5885 | D:6      | Gained mutation: You regenerate a little health from kills.
                  | [demonic ancestry]
  5885 | D:6      | Reached XP level 9. HP: 19/69 MP: 9/9
  6438 | D:7      | Noticed a gargoyle
  6458 | D:7      | Killed a gargoyle
  6664 | D:7      | Noticed Dowan
  6670 | D:7      | Noticed Duvessa
  6674 | D:7      | Reached ***** piety under Uskayaw
  6689 | D:7      | Reached skill level 11 in Ranged Weapons
  6698 | D:7      | Killed Dowan
  6699 | D:7      | Reached skill level 5 in Dodging
  6700 | D:7      | Gained mutation: You have hidden genetic potential. [potion
                  | of mutation]
  6700 | D:7      | Gained mutation: You are frail. (-10% HP) [potion of
                  | mutation]
  6700 | D:7      | Gained mutation: You are vulnerable to cold. (rC-) [potion
                  | of mutation]
  6700 | D:7      | Gained mutation: You have a pair of horns on your head.
                  | [potion of mutation]
  6700 | D:7      | Slain by a yak

Illustrated notes

Levels and vault maps discovered:
D:1:      lightli_arrival_chessboard, layout_rooms,
          nicolae_ecumenical_lake_church
D:2:      layout_loops_ring
D:3:      kennysheep_six_static_rooms, layout_rooms,
          mainiacjoe_overflow_small_starburst, uniq_jessica
D:4:      layout_loops_cross, uniq_ijyb
D:5:      layout_loops_corners, minmay_temple_entry_nine_rooms,
          guppyfry_early_orc_mine
D:6:      layout_loops_ring, mainiacjoe_overflow_two_lobes,
          ebering_ghost_sewer_d, minmay_manual_mess, uniq_prince_ribbit1
D:7:      layout_loops_ring, uniq_duvessa
Temple:   chequers_temple_sunken

Skill      XL: |  1  2  3  4  5  6  7  8  9 |
---------------+----------------------------+-----
Ranged Weapons | 4 5 6 7 10 11 | 11.0
Fighting       | 3 4 6 7 |  7.2
Dodging        | 2 3 4 5 |  5.0
Stealth        | |  0.8

Action                   |  1- 3 |  4- 6 |  7- 9 || total
-------------------------+-------+-------+-------++-------
Melee: Club              |       |    67 |   113 ||   180
       Headbutt          |       |    12 |    32 ||    44
 Fire: Shortbow          |   118 |    74 |   144 ||   336
Invok: Line Pass         |       |       |     1 ||     1
  Use: Scroll            |       |     6 |     4 ||    10
       Potion            |       |       |     5 ||     5
 Stab: Distracted        |       |     1 |     2 ||     3
       Sleeping          |       |       |     1 ||     1
       Paralysed         |       |       |     3 ||     3
Armor: Leather armour    |    15 |    44 |    44 ||   103
       Steam dragon scal |       |       |    17 ||    17
       Skin              |       |       |    14 ||    14
Dodge: Dodged            |    32 |    65 |   132 ||   229

Table legend: (Time is in decaauts)
 A = Elapsed time spent in this place.
 B = Non-inter-level travel time spent in this place.
 C = Inter-level travel time spent in this place.
 D = Time resting spent in this place.
 E = Time spent auto-exploring this place.
 F = Levels seen in this place.
 G = Mean time per level.
                   A        B        C        D        E       F      G
               +--------+--------+--------+--------+--------+-----+--------+
         Total |   6891 |   6258 |    633 |    170 |   4906 |   8 |  861.4 |
       Dungeon |   6586 |   5979 |    607 |    170 |   4676 |   7 |  940.9 |
        Temple |    304 |    278 |     26 |      0 |    230 |   1 |  304.0 |
               +--------+--------+--------+--------+--------+-----+--------+

Top non-repeatable levels by time:
     D:6: 1551 daAuts
     D:5: 1332 daAuts
     D:4: 958 daAuts
     D:2: 733 daAuts
     D:3: 722 daAuts
     D:1: 716 daAuts
     D:7: 571 daAuts
  Temple: 304 daAuts
